 Dungeon Crawl Stone Soup version 0.30.0-15-g856e2d3f33 (webtiles) character file.

Game seed: 4334752834553312324

107 Demosthentine the Poker (level 4, 35/35 HPs)
             Began as a Demonspawn Gladiator on May 20, 2023.
             Got out of the dungeon alive.
             The game lasted 00:02:16 (1959 turns).

Demosthentine the Poker (Demonspawn Gladiator)      Turns: 1959, Time: 00:02:17

Health: 35/35      AC:  6    Str: 17    XL:     4   Next: 57%
Magic:  4/4        EV: 12    Int:  9    God:
Gold:   111        SH:  0    Dex: 14    Spells: 3/3 levels left

rFire   . . .        a - +0 trident
rCold   . . .        (no shield)
rNeg    . . .        b - +0 leather armour
rPois   .            c - +0 helmet
rElec   .            h - +0 cloak
rCorr   .            (no gloves)
SInv    .            j - +0 pair of boots
Will    .....        (no amulet)
Stlth   +            (no ring)
HPRegen 0.25/turn    (no ring)
MPRegen 0.09/turn

%: no passive effects
@: no status effects
A: claws 1, foul stench 1
a: no special abilities


You escaped.
You visited 1 branch of the dungeon, and saw 3 of its levels.

You collected 111 gold pieces.

Inventory:

Hand Weapons
 a - a +0 trident (weapon)
Missiles
 d - 3 throwing nets (quivered)
 e - a javelin
Armour
 b - a +0 leather armour (worn)
 c - a +0 helmet (worn)
 h - a +0 cloak (worn)
 j - a +0 pair of boots (worn)
Scrolls
 f - a scroll of teleportation
 k - a scroll of blinking
 m - a scroll of immolation {unknown}
Potions
 g - a potion of invisibility
 i - a potion of curing {unknown}
 l - a potion of attraction {unknown}


   Skills:
 + Level 3.0 Fighting
 + Level 3.3 Polearms
 - Level 1.7 Throwing
 + Level 1.7 Armour
 + Level 3.3 Dodging


You had 3 spell levels left.
You didn't know any spells.
Your spell library contained the following spells:

 Spells                   Type           Power      Damage    Failure   Level
 Shock                    Conj/Air       0%         1d3       43%         1
 Cigotuvi's Dreadful Rot  Necr/Pois/Air  0%         N/A       58%         2
 Ignite Poison            Fire/Tmut/Pois 0%         N/A       82%         3
 Swiftness                Air            0%         N/A       82%         3
 Airstrike                Air            0%         2d(0-16)  99%         4
 Freezing Cloud           Conj/Ice/Air   0%         6-21      100%        5


Dungeon Overview and Level Annotations

Branches:
Dungeon (3/15)

Altars:
Makhleb
Trog
Xom

Annotations:
D:3 1 runed translucent door, bmack86's ghost, amateur MiFi


Innate Abilities, Weirdness & Mutations

You have sharp fingernails.
You may rarely emit foul miasma when damaged in melee.


Message History

The bat hits you but does no damage.
The giant cockroach waves its antennae.
The giant cockroach barely misses you.
The giant cockroach bites you but does no damage.
You barely miss the giant cockroach.
The giant cockroach is almost dead.
The giant cockroach bites you. The bat hits you but does no damage.
You barely miss the giant cockroach.
The giant cockroach is almost dead.
The bat barely misses you. The giant cockroach barely misses you.
The giant cockroach bites you but does no damage.
You hit the giant cockroach but do no damage.
The giant cockroach is almost dead.
The bat barely misses you. The giant cockroach bites you.
You barely miss the giant cockroach.
The giant cockroach is almost dead.
The bat hits you. The giant cockroach closely misses you.
You puncture the giant cockroach!
You kill the giant cockroach!
The bat hits you. The bat barely misses you.
You hit the bat.
You kill the bat!
Bmack86's ghost screams, "There is no future for me!"
Failed to move towards target.
Failed to move towards target.
Failed to move towards target.
(D) Dungeon
Where to? (Enter - D:1, ? - help)
There is a stone staircase leading up here.
You climb upwards.
There is a stone staircase leading down here.
There is a stone staircase leading up here.
HP restored.
You climb upwards.
There is a stone staircase leading down here.
There is a staircase leading out of the dungeon here.
You can't go down here!
Okay, then.
Are you sure you want to leave the Dungeon?
This will make you lose the game!
You have escaped!

.#########.########.####.###.....
..≈≈≈≈≈≈≈........................
#...~........#######.###.###.####
..#..~~..#.### ##..##.# #.#
..##...#.#.########......# #.#
..###.##..........#.###..###.####
..................#.# #..........
#.######..........#.# #..#.....#.
#.# #........@...# ##.......#.
#.# #.....8....######...#+###.
#.# ##...♣.....# #........... #.#
#.........# #.##........ #.#
#.........# #.##....###.
#.#######.........####.##.#......
.............................###.
..####...####.###.#............).
..# #...# #.# #.#.#..##.#....#.


There were no monsters in sight!

Vanquished Creatures
  An orc wizard (D:3)
  2 adders
  3 dart slugs
  2 orcs (D:3)
  5 endoplasms
  4 giant cockroaches
  5 goblins
  5 hobgoblins
  3 jackals (D:3)
  2 quokkas
  2 ball pythons
  8 bats
  A frilled lizard (D:2)
  4 kobolds
  4 rats
51 creatures vanquished.

Notes
Turn   | Place    | Note
-------+----------+-------------------------------------------
     0 | D:1      | Demosthentine the Demonspawn Gladiator began the quest for
                  | the Orb.
     0 | D:1      | Reached XP level 1. HP: 16/16 MP: 1/1
   246 | D:1      | Found a faded altar of an unknown god.
   280 | D:1      | Gained mutation: You may rarely emit foul miasma when
                  | damaged in melee. [demonic ancestry]
   280 | D:1      | Reached XP level 2. HP: 22/22 MP: 2/2
  1038 | D:2      | Reached skill level 1 in Armour
  1038 | D:2      | Reached XP level 3. HP: 28/28 MP: 3/3
  1228 | D:2      | Found a bloodstained altar of Trog.
  1736 | D:3      | Found a runed translucent door.
  1742 | D:3      | Noticed bmack86's ghost (amateur MiFi)
  1759 | D:3      | Found a burning altar of Makhleb.
  1760 | D:3      | Noticed an angel
  1767 | D:3      | Noticed a green death
  1831 | D:3      | Gained mutation: You have sharp fingernails. [demonic
                  | ancestry]
  1831 | D:3      | Reached XP level 4. HP: 34/34 MP: 4/4
  1866 | D:3      | Found a shimmering altar of Xom.
  1959 | D:$      | Got out of the dungeon alive.

Illustrated notes

Levels and vault maps discovered:
D:1:      wander_arrival_peaceful_grave, layout_basic, basic_ecumenical_altar,
          chequers_serial_rivers_micro_e, minmay_tetromino_s4
D:2:      layout_basic, basic_altar, minmay_tree_intersection
D:3:      layout_rooms, grunt_temple_overflow_order_and_chaos_2,
          xom_butterflies, hellmonk_ghost_happy_afterlife, grunt_ministairs_5

Skill      XL: |  1  2  3  4 |
---------------+-------------+-----
Polearms       | 3 |  3.3
Dodging        | 3 |  3.3
Armour         | 1 |  1.7
Fighting       | 3 |  3.0
Throwing       | |  1.7

Action                     |  1- 3 |  4- 6 || total
---------------------------+-------+-------++-------
  Melee: Trident           |    95 |    32 ||   127
         Punch             |     1 |     2 ||     3
    Use: Scroll            |     4 |       ||     4
   Stab: Sleeping          |     2 |       ||     2
 Armour: Leather armour    |    18 |     9 ||    27
  Dodge: Dodged            |    36 |    19 ||    55
